 Dungeon Crawl Stone Soup version 0.32-a0-18-g89e19f1974 (webtiles) character file.

Game seed: 17589177299481835443

718 BlasphemerAmon the Ruffian (level 7, -1/36 HPs)
             Began as a Vine Stalker Shapeshifter on Jan 16, 2024.
             Splashed by a jelly's acid (7 damage)
             ... on level 5 of the Dungeon.
             The game lasted 00:04:14 (3867 turns).

BlasphemerAmon the Ruffian (VSSh)                   Turns: 3867, Time: 00:04:15

Health: -1/36      AC: -5    Str: 17    XL:     7   Next: 70%
Magic:  0/12       EV: 12    Int: 14    God:
Gold:   138        SH:  0    Dex: 13    Spells: 13/13 levels left

rFire   . .          .
                       - Unarmed
rCold   . . .        (no shield)
rNeg    . . .        a - +0 animal skin
rPois   .            (helmet currently unavailable)
rElec   .            (cloak currently unavailable)
rCorr   .            (gloves currently unavailable)
SInv    .            (boots currently unavailable)
Will    .....        q - amulet of magic regeneration
Stlth   +            i - +4 ring of protection
HPRegen 1.06/turn    (no ring)
MPRegen 0.53/turn

%: guardian spirit
@: beast-form, corroded
A: beast (slay +2), fangs 2, regeneration 1, magic shield, antimagic bite, no
potion heal 2, clever 1, low MP 1
a: Begin Untransformation


You were on level 5 of the Dungeon.
You were a hulking beast.
You visited 1 branch of the dungeon, and saw 5 of its levels.

You collected 138 gold pieces.

Inventory:

Armour
 a - a +0 animal skin (worn)
 e - a +0 plate armour
 f - a +2 helmet
 v - a +0 pair of gloves
Jewellery
 i - a +4 ring of protection (left hand)
 q - an amulet of magic regeneration (around neck)
 r - an amulet of reflection
Talismans
 c - a beast talisman
 d - a flux talisman
 k - a blade talisman
Wands
 h - a wand of paralysis (9)
 m - a wand of roots (8)
 s - a wand of flame (11)
Scrolls
 g - 4 scrolls of identify {unknown}
 j - 2 scrolls of teleportation {unknown}
 l - 2 scrolls of poison {unknown}
 n - a scroll of butterflies {unknown}
 o - a scroll of enchant weapon {unknown}
 p - a scroll of fear {unknown}
Potions
 b - 2 potions of lignification
 t - a potion of resistance {unknown}
 u - a potion of enlightenment


   Skills:
 - Level 3.4 Fighting
 - Level 2.0 Armour
 - Level 1.6 Dodging
 - Level 4.9 Unarmed Combat
 + Level 3.5 Spellcasting
 + Level 4.5 Shapeshifting


You had 13 spell levels left.
You didn't know any spells.
Your spell library contained the following spells:

 Spells                   Type           Power      Damage    Failure   Level
 Freeze                   Ice            8%         1d3       21%         1
 Kiss of Death            Conj/Necr      8%         2d6       21%         1
 Confusing Touch          Hex            2%         N/A       52%         3
 Frozen Ramparts          Ice            4%         1d1       52%         3
 Hailstorm                Conj/Ice       2%         3d5       52%         3
 Dispel Undead            Necr           2%         3d7       90%         4


Dungeon Overview and Level Annotations

Branches:
Dungeon (5/15)
 Temple: D:4-7

Altars:
Gozag
Wu Jian


Innate Abilities, Weirdness & Mutations

You are a hulking beast.
Your limbs bulge with bestial killing power. (Slay +2)
You have extremely sharp teeth.
Your natural rate of healing is unusually fast.
When hurt, damage is shared between your health and your magic reserves.
Your bite disrupts and absorbs the magic of your enemies.
Potions cannot restore your health.
Your mind is acute. (Int +4, Str/Dex -1)
Your magical capacity is low. (-10% MP)


Message History

No target in view!
There is an escape hatch in the floor here.
You slide downwards.
The hatch slams shut behind you.
You open the door.
There is an open door here.
A jelly comes into view.
The jelly quivers.
A jelly is nearby!
A jelly is nearby!
The jelly hits you. The acid corrodes you!
You are splashed with acid.
You hit the jelly. The acid corrodes you!
Your hands burn!
Your bite misses the jelly.
The jelly is lightly wounded.
You punch the jelly!
Your hands burn!
The jelly is heavily wounded.
The jelly barely misses you.
You hit the jelly.
Your hands burn!
The jelly is severely wounded.
The jelly hits you.
You are splashed with acid!
You hit the jelly.
Your hands burn!
The jelly is almost dead.
The jelly hits you. The acid corrodes you!
You are splashed with acid!
You are too injured to fight recklessly!
You are too injured to fight recklessly!
You are too injured to fight recklessly!
You are too injured to fight recklessly!
You hit the jelly but do no damage.
Your hands burn!
You bite the jelly, but do no damage.
The jelly is almost dead.
The jelly completely misses you.
You completely miss the jelly.
The jelly is almost dead.
The jelly hits you.
You are splashed with acid!
* * * LOW HITPOINT WARNING * * *
You hit the jelly but do no damage.
Your hands burn!
* * * LOW HITPOINT WARNING * * *
You bite the jelly, but do no damage.
The jelly is almost dead.
The jelly hits you.
You are splashed with acid!
You die...

##.....######
#...........#
#...........#
#.....#.....#
.
#.#+###.....#
.. # ####'##
... #...#
....
#...##.....
#..h.......
#..J##.....
#...# ....
......# ...
...##...# ..
#+ #...# .
#...# ....#
#....#


You could see a jelly.

Vanquished Creatures
  Menkaure (D:4)
  A scorpion (D:4)
  A bombardier beetle (D:3)
  4 hounds (D:4)
  A sleepcap (D:4)
  Jessica (D:3)
  Ijyb (D:4)
  Terence (D:3)
  Natasha (twice) (D:2)
  An orc wizard (D:4)
  Robin (D:4)
  5 gnolls
  5 adders
  4 dart slugs
  A ribbon worm (D:3)
  7 orcs
  4 ball pythons
  8 endoplasms
  4 giant cockroaches
  14 goblins
  11 hobgoblins
  7 jackals (D:2)
  4 kobolds
  4 quokkas
  4 bats
  3 rats
100 creatures vanquished.

Notes
Turn   | Place    | Note
-------+----------+-------------------------------------------
     0 | D:1      | BlasphemerAmon the Vine Stalker Shapeshifter began the
                  | quest for the Orb.
     0 | D:1      | Reached XP level 1. HP: 9/9 MP: 2/2
    83 | D:1      | Reached skill level 1 in Fighting
   109 | D:1      | Found a faded altar of an unknown god.
   333 | D:1      | Reached XP level 2. HP: 14/14 MP: 3/3
   752 | D:2      | Reached skill level 1 in Spellcasting
   752 | D:2      | Reached XP level 3. HP: 18/18 MP: 5/5
  1177 | D:2      | Reached XP level 4. HP: 23/23 MP: 7/7
  1287 | D:2      | Noticed Natasha
  1293 | D:2      | Killed Natasha
  1477 | D:2      | Noticed Natasha
  1488 | D:2      | Killed Natasha
  1489 | D:2      | Reached XP level 5. HP: 25/26 MP: 7/9
  1587 | D:3      | Noticed Jessica
  1594 | D:3      | Killed Jessica
  1838 | D:3      | Found an opulent altar of Gozag.
  1968 | D:3      | Reached XP level 6. HP: 32/32 MP: 10/10
  2009 | D:3      | Found an ornate altar of the Wu Jian Council.
  2079 | D:3      | Noticed Terence
  2098 | D:3      | HP: 2/48 [poisoned by an orc]
  2103 | D:3      | Gained mutation: Your magical capacity is low. (-10% MP)
                  | [potion of mutation]
  2103 | D:3      | Gained mutation: Your mind is acute. (Int +4, Str/Dex -1)
                  | [potion of mutation]
  2103 | D:3      | HP: 2/48 [poisoned by an orc]
  2115 | D:3      | Killed Terence
  2749 | D:4      | Noticed Robin
  2781 | D:4      | Killed Robin
  2782 | D:4      | Reached skill level 1 in Armour
  2996 | D:4      | Noticed Menkaure
  2996 | D:4      | Noticed Ijyb
  3004 | D:4      | Killed Menkaure
  3005 | D:4      | Reached XP level 7. HP: 28/36 MP: 11/11
  3013 | D:4      | Killed Ijyb
  3848 | D:5      | Entered Level 5 of the Dungeon
  3867 | D:5      | Splashed by a jelly's acid

Illustrated notes

Levels and vault maps discovered:
D:1:      eino_arrival_water_star, layout_loops_ring,
          nicolae_ecumenical_lake_church
D:2:      layout_loops_ring, uniq_natasha
D:3:      layout_basic, old_standard_altar, mainiacjoe_overflow_catwalk,
          uniq_jessica, uniq_terence
D:4:      minmay_chambers_of_twos, layout_basic, eino_tiny_chamber,
          nicolae_eternal_life, uniq_menkaure, uniq_robin, uniq_ijyb
D:5:      layout_gridville, lemuel_crystal_altar,
          amcnicky_mini_corridor_feature, uniq_blork_the_orc,
          uniq_crazy_yiuf_cottage

Skill      XL: |  1  2  3  4  5  6  7 |
---------------+----------------------+-----
Fighting       | 1 2 3 |  3.4
Spellcasting   | 1 2 3 |  3.5
Unarmed Combat | 4 |  4.9
Shapeshifting  | 4 |  4.5
Armour         | 1 2 |  2.0
Dodging        | |  1.6

Action                     |  1- 3 |  4- 6 |  7- 9 || total
---------------------------+-------+-------+-------++-------
  Melee: Unarmed           |    64 |   152 |    92 ||   308
         Bite              |    13 |    37 |    22 ||    72
         Punch             |     2 |     6 |     2 ||    10
    Use: Potion            |       |     8 |       ||     8
   Stab: Sleeping          |     1 |       |       ||     1
 Armour: Animal skin       |     7 |       |     5 ||    12
         Plate armour      |    33 |   182 |    67 ||   282
         Skin              |       |    86 |       ||    86
  Dodge: Dodged            |    17 |    47 |    30 ||    94

Table legend: (Time is in decaauts)
 A = Elapsed time spent in this place.
 B = Non-inter-level travel time spent in this place.
 C = Inter-level travel time spent in this place.
 D = Time resting spent in this place.
 E = Time spent auto-exploring this place.
 F = Levels seen in this place.
 G = Mean time per level.
                   A        B        C        D        E       F      G
               +--------+--------+--------+--------+--------+-----+--------+
         Total |   3828 |   3739 |     89 |    431 |   2662 |   5 |  765.6 |
       Dungeon |   3828 |   3739 |     89 |    431 |   2662 |   5 |  765.6 |
               +--------+--------+--------+--------+--------+-----+--------+

Top non-repeatable levels by time:
     D:3: 1147 daAuts
     D:4: 1092 daAuts
     D:2: 820 daAuts
     D:1: 750 daAuts
     D:5: 18 daAuts
